 Seeded DCSS version 0.29.1-13-g9f3cf754e1 (webtiles) character file.

Game seed: 8990572015828446892 (custom seed)

77 GigaChad the Covered (level 4, -1/40 HPs)
             Began as a Minotaur Fighter on Jan 26, 2023.
             Killed from afar by Ijyb (12 damage)
             ... with a bolt of light
             ... on level 3 of the Dungeon.
             The game lasted 00:01:32 (767 turns).

GigaChad the Covered (Minotaur Fighter)              Turns: 767, Time: 00:01:34

Health: -1/40      AC:  7    Str: 22    XL:     4   Next: 13%
Magic:  3/3        EV:  9    Int:  5    God:
Gold:   39         SH:  0    Dex: 10    Spells: 3/3 levels left

rFire   . . .      SeeInvis .   i - +7 Throatcutter {drain, coup de grace}
rCold   . . .      Faith    .   c - +0 buckler
rNeg    . . .      Spirit   .   b - +0 scale mail
rPois   .          Reflect  .   (helmet restricted)
rElec   .          Harm     .   (no cloak)
rCorr   .          Rampage  .   (no gloves)
Will    .....                   (no boots)
Stlth   ..........              (no amulet)
HPRegen 0.13/turn               (no ring)
MPRegen 0.08/turn               (no ring)

@: confused
A: horns 2, retaliatory headbutt
a: no special abilities


You were on level 3 of the Dungeon.
You visited 1 branch of the dungeon, and saw 4 of its levels.

You collected 39 gold pieces.

Inventory:

Hand Weapons
 a - a +0 war axe
 i - the +7 Throatcutter (weapon) {drain, coup de grace}
   (You found it on level 2 of the Dungeon)

   A truly terrible weapon, it drains the life of any living foe it strikes.
   It may instantly kill foes which have little health.
Armour
 b - a +0 scale mail (worn)
 c - a +0 buckler (worn)
Scrolls
 e - a scroll of fear
 f - a scroll of identify
 g - a scroll of teleportation {unknown}
 k - a scroll of magic mapping {unknown}
 l - a scroll of enchant armour {unknown}
Potions
 d - 2 potions of might
 h - a potion of curing {unknown}
 j - a potion of degeneration {unknown}


   Skills:
 + Level 4.0 Fighting
 + Level 1.7 Long Blades
 + Level 3.4 Axes
 + Level 4.3 Armour
 + Level 4.2 Shields


You had 3 spell levels left.
You didn't know any spells.
Your spell library was empty.

Dungeon Overview and Level Annotations

Branches:
Dungeon (4/15)
 Temple: D:4-7

Altars:

Annotations:
D:3 Ijyb


Innate Abilities, Weirdness & Mutations

You have a pair of horns on your head.
You reflexively headbutt those who attack you in melee.


Message History

Ijyb zaps a wand.
The bolt of light misses you.
An orc priest comes into view. It is wielding a +0 short sword.
The orc priest shouts!
An orc comes into view. It is wielding a +0 club.
The orc barely misses you.
The orc priest looks encouraged for a moment.
You slash the orc!
You kill the orc!
Ijyb zaps a wand.
The bolt of light hits you!
Your Axes skill increases to level 3!
You closely miss the orc.
Ijyb screams, "You nasty!
Big nasty!"
The orc hits you but does no damage. Ijyb hits you with a +0 dagger.
You slash the orc priest! Your headbutt misses the orc priest.
The orc priest is severely wounded.
The orc hits you with a +0 hand axe. Ijyb closely misses you.
The orc priest mumbles some strange prayers to Beogh against you.
You barely resist. You slash the orc priest!
You kill the orc priest!
Ijyb closely misses you. The orc hits you with a +0 club.
You block the orc's attack. The orc hits you with a +0 hand axe.
You block the orc's attack. Ijyb screams, "I no like you!"
Ijyb hits you but does no damage.
Your Long Blades skill increases to level 1!
You have reached level 4!
You feel agile.
Ijyb screams, "Get away!"
You block Ijyb's attack. The orc hits you but does no damage.
You block the orc's attack. Ijyb barely misses you.
The orc attacks as you move away! The orc completely misses you.
The orc closely misses you. You furiously retaliate!
You headbutt the orc. Ijyb hits you with a +0 dagger.
* * * LOW HITPOINT WARNING * * *
You hit the orc.
The orc is almost dead.
Ijyb zaps a wand.
The bolt of light hits you!
You are confused.
You die...

#.....#
#.....#
#.....#
#.....#####
#.†).......
#.>..#####.
#..........
#.....#####
#@o...#
###og...#
#.......#
#.#..).......
#.............
#.#.#.........
#........#####
#.#.#....#
#........#


You could see Ijyb and 2 orcs.

Vanquished Creatures
  An orc priest (D:3)
  An adder (D:2)
  2 dart slugs
  An orc (D:3)
  A ball python (D:1)
  5 bats
  2 endoplasms
  2 giant cockroaches
  3 goblins
  5 hobgoblins (D:1)
  2 quokkas
  A frilled lizard (D:1)
  6 rats
32 creatures vanquished.

Notes
Turn   | Place    | Note
-------+----------+-------------------------------------------
     0 | D:1      | GigaChad the Minotaur Fighter began the quest for the Orb.
     0 | D:1      | Reached XP level 1. HP: 19/19 MP: 0/0
    76 | D:1      | Reached XP level 2. HP: 27/27 MP: 1/1
   605 | D:2      | Found the +7 Throatcutter {drain, coup de grace}
   638 | D:2      | Reached XP level 3. HP: 33/33 MP: 2/2
   726 | D:2      | You fall into a shaft and drop 2 floors!
   738 | D:4      | Noticed an ogre
   754 | D:3      | Noticed Ijyb
   763 | D:3      | Reached skill level 1 in Long Blades
   763 | D:3      | Reached XP level 4. HP: 14/40 MP: 3/3
   767 | D:3      | Killed from afar by Ijyb

Illustrated notes

Levels and vault maps discovered:
D:1:      dpeg_arrival_renting, layout_loops_ring
D:2:      layout_rooms
D:3:      minmay_chambers_of_threes, layout_basic, xom_confusion_cloud,
          serial_co_window_serial, co_window_paths_a, co_window_corner_a,
          co_window_paths_a, co_window_of_opportunity_a, co_window_paths_a,
          co_window_paths_b, co_window_unsneaky_path_d, co_window_corner_b,
          co_window_unsneaky_path_d, co_window_corner_b, co_window_corner_ca,
          glass_columns_a, glass_columns_a, glass_columns_a, glass_columns_a,
          uniq_jessica, uniq_ijyb, uniq_grinder, uniq_sigmund
D:4:      layout_basic, minmay_manual_moon

Skill      XL: |  1  2  3 |
---------------+----------+-----
Armour         | 4 |  4.3
Shields        | 4 |  4.2
Fighting       | 4 |  4.0
Axes           | 3 |  3.4
Long Blades    | 1 |  1.7

Action                   |  1- 3 |  4- 6 || total
-------------------------+-------+-------++-------
Melee: War axe           |    34 |       ||    34
       Headbutt          |     2 |       ||     2
       Long sword        |    11 |     1 ||    12
  Use: Scroll            |     1 |       ||     1
Armor: Scale mail        |    18 |     1 ||    19
Dodge: Dodged            |    23 |     3 ||    26
Block: Buckler           |    11 |     2 ||    13
